 Dungeon Crawl Stone Soup version 0.31-a0-1499-ge0622b2318 (webtiles) character file.

Game seed: 13997768209144677941

55653 GloriousHammer the Severer (level 14, -1/125 (133) HPs)
             Began as a Hill Orc Monk on Dec 28, 2023.
             Was a High Priest of Beogh.
             Succumbed to barbed spike wounds
             ... on level 2 of the Orcish Mines on Dec 29, 2023.
             The game lasted 01:07:30 (24798 turns).

GloriousHammer the Severer (Hill Orc Monk)         Turns: 24798, Time: 01:07:30

HP:   -1/125 (133)  AC: 17    Str: 22    XL:     14   Next: 78%
MP:   14/25         EV:  7    Int: 10    God:    Beogh [*****.]
Gold: 1360          SH: 10    Dex: 13    Spells: 13/13 levels left

rFire   . . .        a - +5 broad axe (drain)
rCold   + . .        D - +0 kite shield
rNeg    . . .        K - +0 plate armour
rPois   .            k - +0 hat {SInv}
rElec   .            Q - +0 cloak
rCorr   .            F - +0 pair of gloves {Str+3}
SInv    +            l - +1 pair of boots {rampage}
Will    +....        V - amulet of faith Stlth
                     T - +4 ring of protection
HPRegen 0.40/turn    C - ring of protection from cold
MPRegen 0.19/turn

%: rampage, faith
@: spiked, corroded, drained, invisible
A: walk on water
a: Renounce Religion, Smiting, Recall Orcish Followers, Give Item to Named
Follower


You were on level 2 of the Orcish Mines.
You worshipped Beogh.
Beogh was extremely pleased with you.
You visited 3 branches of the dungeon, and saw 19 of its levels.
You also visited: Ossuary.

You collected 1912 gold pieces.
You spent 552 gold pieces at shops.

Inventory:

Hand Weapons
 a - a +5 broad axe of draining (weapon)
 N - a +0 arbalest
Missiles
 j - 42 poisoned darts
 x - a throwing net
 I - 2 darts of dispersal (quivered)
 Y - 4 curare-tipped darts
Armour
 k - a +0 hat of see invisible (worn)
 l - a +1 pair of boots of rampaging (worn)
 D - a +0 kite shield (worn)
 F - a +0 pair of gloves of strength (worn)
 K - a +0 plate armour (worn)
 Q - a +0 cloak (worn)
Jewellery
 C - a ring of protection from cold (right hand)
 L - a ring of flight
 M - a ring of magical power
 P - a ring of poison resistance
 R - a ring of resist corrosion
 T - a +4 ring of protection (left hand)
 V - an amulet of faith (around neck)
Wands
 b - a wand of acid (9)
 n - a wand of paralysis (19)
 H - a wand of flame (38)
 J - a wand of polymorph (13)
 O - a wand of digging (8)
 X - a wand of mindburst (13)
Scrolls
 d - 2 scrolls of revelation
 f - a scroll of vulnerability
 g - a scroll of torment
 h - 4 scrolls of blinking
 o - 4 scrolls of fear
 r - 5 scrolls of teleportation
 v - a scroll of summoning
 y - 5 scrolls of fog
 U - a scroll of immolation
 W - 2 scrolls of poison
 Z - 3 scrolls of enchant armour
Potions
 c - 4 potions of enlightenment
 e - 7 potions of curing
 i - a potion of ambrosia
 m - 2 potions of brilliance {unknown}
 p - 2 potions of resistance
 q - 2 potions of magic
 t - 2 potions of berserk rage
 u - 2 potions of invisibility
 w - 6 potions of mutation
 z - 2 potions of might {unknown}
 A - 3 potions of attraction
 B - a potion of haste {unknown}
 E - 3 potions of heal wounds {unknown}
 G - 4 potions of cancellation {unknown}
Miscellaneous
 s - a condenser vane


   Skills:
 + Level 14.8 Fighting
 - Level 16.0 Axes
 - Level 4.0 Throwing
 + Level 13.1 Armour
 - Level 2.4 Dodging
 - Level 8.0 Shields
 + Level 14.9 Invocations
 - Level 4.0 Evocations


You had 13 spell levels left.
You didn't know any spells.
Your spell library contained the following spells:

 Spells                   Type           Power      Damage    Failure   Level
 Cigotuvi's Dreadful Rot  Necr/Alch/Air  0%         N/A       100%        2
 Inner Flame              Hex/Fire       0%         N/A       100%        3
 Dispel Undead            Necr           0%         3d6       100%        4
 Martyr's Knell           Necr/Summ      0%         N/A       100%        4
 Irradiate                Conj/Alch      0%         3d11      100%        5
 Death Channel            Necr           0%         N/A       100%        6
 Ignition                 Fire           0%         3d3       100%        8


Dungeon Overview and Level Annotations

Branches:
Dungeon (12/15)            Temple (0/1) D:7            Lair (5/5) D:11
  Swamp (0/4) Lair:3       Spider (0/4) Lair:2        Slime (0/5) Lair:4
    Orc (2/2) D:10            Elf (0/3) Orc:2       Ossuary (visited)

Altars:
Fedhas
Nemelex Xobeh
Okawaru
Ru
Sif Muna
Vehumet
Beogh
Jiyva
Lugonu

Shops:
D:5 [   D:7 =   Orc:2 [

Portals:
Abyss: Lair:5

Annotations:
D:8 exclusion: statue
D:10 3 runed translucent doors
D:12 exclusion: obsidian statue
Lair:3 3 runed translucent doors, Uleac's ghost, journeyman DsNe
Orc:2 Saint Roka


Message History

The red devil hits Dorog with a +3 trident!!
Dorog dies!
The ice devil hits your orc warrior but does no damage.
Orgrim hits the smoke demon with the +8 spear of Evil {antimagic, Int+3 Dex+4}!!
The smoke demon's magic leaks into the air.
Your orc warrior unwields a +0 halberd.
Your orc warrior wields a +0 orcbow of flaming.
It bursts into flame!
Your orc warrior shoots an arrow.
The arrow hits the orc warrior but does no damage.
Your orc warrior barely misses the smoke demon.
Your orc wizard hits Saint Roka but does no damage.
The orc sorcerer barely misses your orc.
Your orc hits the orc warrior with a +0 dagger.
Your orc warrior barely misses the ice devil.
The orc sorcerer points at you and mumbles some strange words.
Your orc warrior suddenly stops moving!
The orc warrior hits your orc with a +0 short sword.
Your orc dies!
The smoke demon falters for a moment.
Aiming: Smiting
Press: ? - help, Dir - move target, f/p - Saint Roka Smite: Saint Roka, wielding a +1 battleaxe of electrocution and wearing a +4 plate armour of cold resistance (lightly wounded, ally target)
You smite Saint Roka!!
Saint Roka is moderately wounded.
The ice devil hits your orc warrior. The ice devil freezes your orc warrior!
Your orc warrior resists.
Your orc warrior dies!
Orgrim hits the smoke demon with the +8 spear of Evil {antimagic, Int+3 Dex+4}!!
The smoke demon dies!
The smoke demon disappears in a puff of smoke!
Your orc wizard points at the orc sorcerer and mumbles some strange words.
The puff of flame hits the orc sorcerer.
The orc sorcerer closely misses Orgrim.
The orc sorcerer gestures at you while chanting.
The bolt of negative energy hits the red devil.
The red devil completely resists.
The bolt of negative energy hits you!!
You feel drained.
Saint Roka mumbles some strange prayers to Beogh against you.
Beogh smites you!
Your orc warrior shoots an arrow.
The arrow hits Saint Roka but does no damage.
Aiming: Smiting
Press: ? - help, Dir - move target, f/p - Saint Roka Smite: Saint Roka, wielding a +1 battleaxe of electrocution and wearing a +4 plate armour of cold resistance (moderately wounded, ally target)
You smite Saint Roka!!
Saint Roka is moderately wounded.
The red devil hits you from afar with a +3 trident.
Barbed spikes become lodged in your body.
Orgrim roars a battlecry!
Your orcs go into a battle-frenzy!
The orc sorcerer hits Orgrim with a +0 dagger.
Your orc warrior hits the orc sorcerer from afar with a +0 glaive!!
The orc sorcerer dies!
Beogh accepts your kill.
The hellwing disappears in a puff of smoke!
Your orc warrior looks more experienced.
Your orc wizard casts a spell at Saint Roka.
The magic dart hits Saint Roka but does no damage.
Saint Roka roars a battlecry!
Something hits your orc warrior!
Your orc warrior dies!
The soul eater draws from the surrounding life force!
Your orc wizard dies!
Your orc dies!
You fade into invisibility!
The orc sorcerer no longer looks unusually strong.
The red devil barely misses you. The ice devil hits you!
* * * LOW HITPOINT WARNING * * *
The ice devil freezes you! You resist.
* * * LOW HITPOINT WARNING * * *
The orc sorcerer closely misses Orgrim.
An orc high priest comes into view. It is wielding a +0 long sword.
The orc warrior throws a boomerang.
The boomerang hits the ice devil.
The orc sorcerer hits your orc warrior with a +0 dagger.
You closely miss the ice devil.
The ice devil is heavily wounded.
The red devil barely misses you. You block the ice devil's attack.
Your orc closely misses the orc sorcerer.
Your orc priest calls upon Beogh to heal your orc warrior.
Your orc warrior is healed somewhat.
The orc sorcerer hits Orgrim with a +0 dagger.
The orc warrior throws a boomerang.
The boomerang hits the ice devil.
Saint Roka roars a battlecry!
The orc sorcerer goes into a battle-frenzy!
The orc sorcerer hits your orc warrior with a +0 dagger.
The soul eater draws from the surrounding life force!
* * * LOW HITPOINT WARNING * * *
Your orc dies! x2
You feel better.
The orc warrior no longer looks unusually strong.
Orgrim hits the orc sorcerer with the +8 spear of Evil {antimagic, Int+3 Dex+4}!
The orc sorcerer's magic leaks into the air.
The ice devil hits you!
* * * LOW HITPOINT WARNING * * *
The ice devil freezes you. You resist.
* * * LOW HITPOINT WARNING * * *
Your orc priest miscasts a cantrip.
The orc sorcerer hits Orgrim with a +0 dagger!
The orc sorcerer hits your orc warrior with a +0 dagger.
You swap places.
The barbed spikes dig painfully into your body as you move.
You die...

#o...#....o.......#..............
##o....##########.....##.........
#.o..### ##..#.##)........ .#o.##
#............... ..o.#
####......#....... ..o##
##+###+##8)#.....#.....#.. ..o#
..)...)oooo'.8............ ..o#
o))o8o)ooo.'.............. ..o#
)).)34o4o@ooo8............ ..o##
##'###o##8o#oo............ ....#
#o. ####.............[ ....## #..
#............... .....### #o.
##...o...........
.......##########.ooo............
...#.#............o..............
..........#........o.............
..............o##oo..............


You could see Saint Roka (unable to see you, ally target), a soul eater
(summoned), an orc high priest (strong, unable to see you), an ice devil
(summoned, unable to see you, ally target), 2 orc sorcerers, a red devil
(summoned, unable to see you), an orc warrior (strong, unable to see you), the
friendly Orgrim the orc knight, 3 friendly orc warriors, a friendly orc priest
(strong), 2 friendly orc wizards and 6 friendly orcs.

Vanquished Creatures
  Fannar (Lair:1)
  2 boulder beetles (Lair:1)
  2 catoblepae (Lair:1)
  2 two-headed ogres
  4 thrashing horrors (Lair:5)
  An orc knight (Orc:2)
  3 ugly things
  3 manticores
  2 kobold blastminers (Orc:2)
  A cyclops (D:11)
  Maurice (D:8)
  2 black mambas
  7 slime creatures
  A torpor snail (Lair:1)
  A smoke demon (Lair:5)
  11 cane toads
  A rime drake (shapeshifter) (Lair:5)
  3 unseen horrors
  4 rime drakes
  5 komodo dragons
  A kobold demonologist (D:10)
  3 trolls
  A troll (shapeshifter) (Lair:5)
  A hornet (D:10)
  6 dream sheep (Lair:5)
  15 blink frogs
  2 raiju (Lair:5)
  A wraith (D:12)
  3 shadows
  A spriggan (Lair:5)
  6 wyverns
  A ynoxinul (Lair:5)
  17 basilisks
  A hog (Lair:4)
  A redback (Lair:2)
  29 yaks
  3 vampire mosquitoes (D:12)
  2 wargs (Orc:2)
  Menkaure (D:4)
  2 chaos spawn (Lair:5)
  A swamp worm (Lair:3)
  Duvessa (D:7)
  5 water moccasins
  A sky beast (D:6)
  A black bear (D:5)
  8 orc warriors
  An ice beast (D:5)
  10 small abominations (Lair:5)
  4 ogres
  11 centaurs
  2 wolves (D:8)
  A phantom (D:5)
  2 kobold brigands
  Blork the orc (D:4)
  4 elf zombies (Ossuary)
  A weeping skull (Ossuary)
  5 bullfrogs
  3 scorpions
  3 wights (D:10)
  Dowan (D:7)
  10 killer bees
  3 electric eels (D:8)
  A spectral scorpion (Ossuary)
  A human zombie (Ossuary)
  3 orc priests
  2 gnoll boudas
  4 hounds
  4 iguanas
  A sleepcap (D:7)
  12 orc wizards
  A crocodile zombie (Ossuary)
  3 mummies (Ossuary)
  12 gnolls
  15 adders
  A shadow imp (D:8)
  A white imp (D:7)
  7 adder zombies (Ossuary)
  2 ribbon worms (D:4)
  2 dart slugs
  19 orcs
  10 endoplasms
  3 giant cockroaches
  5 goblins
  4 hobgoblins
  7 jackals
  4 quokkas
  10 ball pythons
  3 ball python zombies (Ossuary)
  2 bats (D:3)
  2 frilled lizards
  3 gnoll zombies (Ossuary)
  5 jackal zombies (Ossuary)
  11 kobolds
  3 kobold zombies (Ossuary)
  3 orc zombies (Ossuary)
  3 rats
402 creatures vanquished.

Vanquished Creatures (collateral kills)
  Gastronok (Lair:2)
  Kirke (Lair:4)
  2 hydras
  A two-headed ogre (D:9)
  A catoblepas (Lair:2)
  A skyshark (Lair:5)
  An orc sorcerer (Orc:2)
  2 black mambas (Lair:5)
  A smoke demon (Lair:5)
  A black mamba (shapeshifter) (Lair:5)
  2 cane toads
  4 rime drakes
  A troll (Orc:1)
  7 blink frogs
  3 dream sheep (Lair:5)
  5 slime creatures
  3 wyverns
  24 yaks
  Grum (D:8)
  4 wargs (Orc:2)
  4 hogs (Lair:4)
  A redback (Lair:2)
  3 vampire mosquitoes
  2 basilisks
  2 swamp worms (Lair:3)
  An acid dragon (D:8)
  3 water moccasins
  6 orc warriors
  A black bear (D:7)
  An ogre (Orc:2)
  2 centaurs (D:12)
  2 kobold brigands
  A gnoll sergeant (D:7)
  6 bullfrogs
  A scorpion (D:6)
  4 small abominations (Lair:5)
  2 killer bees
  An electric eel (Lair:4)
  2 howler monkeys (D:7)
  A jelly (D:7)
  3 orc wizards
  5 gnolls
  A white imp (D:7)
  8 orcs
  A goblin (D:9)
  6 kobolds
136 creatures vanquished.

Vanquished Creatures (others)
  An orc sorcerer (Lair:5)
  2 orc knights
  5 orc warriors
  6 orc priests
  10 orc wizards
  36 orcs
60 creatures vanquished.

Grand Total: 598 creatures vanquished

Notes
Turn   | Place    | Note
-------+----------+-------------------------------------------
     0 | D:1      | GloriousHammer the Hill Orc Monk began the quest for the
                  | Orb.
     0 | D:1      | Reached XP level 1. HP: 19/19 MP: 1/1
    83 | D:1      | Found a faded altar of an unknown god.
   186 | D:1      | Reached XP level 2. HP: 16/26 MP: 2/2
   484 | D:1      | Reached skill level 5 in Axes
   762 | D:2      | Found an iron altar of Okawaru.
   828 | D:2      | Reached XP level 3. HP: 28/31 MP: 3/3
   855 | D:2      | Identified the +8 spear of Evil {antimagic, Int+3 Dex+4}
  1128 | D:2      | Reached skill level 6 in Axes
  1319 | D:2      | Reached XP level 4. HP: 12/39 MP: 4/4
  1721 | D:3      | Reached skill level 7 in Axes
  1898 | D:3      | Reached XP level 5. HP: 45/45 MP: 5/5
  2426 | D:4      | Found a shimmering blue altar of Sif Muna.
  2449 | D:4      | Reached skill level 8 in Axes
  2592 | D:4      | Reached XP level 6. HP: 46/51 MP: 6/6
  2877 | D:4      | Noticed Blork the orc
  2902 | D:4      | Killed Blork the orc
  2903 | D:4      | Reached skill level 9 in Axes
  3237 | D:4      | Noticed Menkaure
  3247 | D:4      | HP: 1/51 [Menkaure (8)]
  3248 | D:4      | Killed Menkaure
  3249 | D:4      | Reached skill level 10 in Axes
  3249 | D:4      | Reached skill level 1 in Armour
  3249 | D:4      | Reached XP level 7. HP: 2/59 MP: 7/7
  3789 | D:5      | Entered Level 5 of the Dungeon
  3871 | D:5      | Reached skill level 5 in Fighting
  3877 | D:5      | Reached XP level 8. HP: 67/68 MP: 8/8
  3933 | D:5      | Became a worshipper of Beogh the Brigand
  3933 | D:5      | Reached * piety under Beogh
  3933 | D:5      | Reached ** piety under Beogh
  3994 | D:5      | Reached skill level 1 in Invocations
  4028 | D:5      | Found Levunai's Antique Armour Emporium.
  4060 | D:5      | Found a sand-covered staircase.
  4068 | Ossuary  | Entered an ossuary
  4209 | Ossuary  | Reached skill level 11 in Axes
  4475 | D:5      | Bought a kite shield for 108 gold pieces
  4492 | D:5      | Found a blossoming altar of Fedhas.
  4492 | D:5      | Found a sacrificial altar of Ru.
  4631 | D:5      | Reached XP level 9. HP: 58/78 MP: 10/12
  5186 | D:5      | Bought a pair of embroidered gloves for 180 gold pieces
  5229 | D:6      | Reached *** piety under Beogh
  5256 | D:6      | Reached skill level 5 in Armour
  5428 | D:6      | Reached skill level 1 in Shields
  6269 | D:7      | Found a staircase to the Ecumenical Temple.
  6269 | D:7      | Noticed Dowan
  6269 | D:7      | Noticed Duvessa
  6279 | D:7      | Killed Dowan
  6281 | D:7      | Killed Duvessa
  6337 | D:7      | Found a sparkling altar of Nemelex Xobeh.
  6398 | D:7      | Reached skill level 5 in Invocations
  6423 | D:7      | Noticed an unseen horror
  6435 | D:7      | Killed an unseen horror
  6732 | D:7      | Found Odeurcha's Jewellery Emporium.
  6745 | D:7      | Identified the +8 whip of Xyrado {venom, rF+ Will+ Dex+4}
  6865 | D:7      | Reached skill level 12 in Axes
  6960 | D:8      | Noticed Grum
  6971 | D:8      | Gained Bolgrim as an ally
  7035 | D:8      | Killed Grum
  7073 | D:8      | Reached skill level 5 in Shields
  7073 | D:8      | Reached XP level 10. HP: 88/88 MP: 14/14
  7111 | D:8      | Reached **** piety under Beogh
  7150 | D:8      | Found a radiant altar of Vehumet.
  7303 | D:8      | Noticed Maurice
  7312 | D:8      | Killed Maurice
  7839 | D:9      | Found an iron altar of Okawaru.
  8034 | D:9      | Noticed a two-headed ogre
  8042 | D:9      | Killed a two-headed ogre
  8552 | D:10     | Entered Level 10 of the Dungeon
  9114 | D:10     | Found a staircase to the Orcish Mines.
  9124 | D:10     | Reached skill level 13 in Axes
  9195 | D:10     | Reached XP level 11. HP: 96/97 MP: 16/16
  9257 | D:10     | Found a runed translucent gate.
  9257 | D:10     | Found a runed translucent gate.
  9257 | D:10     | Found a runed translucent gate.
  9257 | D:10     | Noticed a death yak
  9257 | D:10     | Noticed a manticore
  9258 | D:10     | Noticed a death yak
  9854 | D:11     | Your ally Bolgrim died
 10035 | D:11     | Noticed a two-headed ogre
 10040 | D:11     | Killed a two-headed ogre
 10431 | D:11     | Noticed a manticore
 10446 | D:11     | Killed a manticore
 10534 | D:11     | Noticed a cyclops
 10536 | D:11     | Noticed a manticore
 10565 | D:11     | Killed a cyclops
 10566 | D:11     | Reached skill level 10 in Fighting
 10615 | D:11     | Identified the +8 mace of the Badger {speed, Int+2 Dex+3}
 10664 | D:11     | Killed a manticore
 10852 | D:11     | Reached skill level 14 in Axes
 10856 | D:11     | Found a staircase to the Lair.
 11437 | Lair:1   | Entered Level 1 of the Lair of Beasts
 11445 | Lair:1   | Noticed Fannar
 11449 | Lair:1   | Killed Fannar
 11537 | Lair:1   | Upgraded the game from 0.31-a0-1469-gd420192249 to
                  | 0.31-a0-1499-ge0622b2318
 11559 | Lair:1   | Reached XP level 12. HP: 50/108 MP: 19/19
 11838 | Lair:1   | Noticed a catoblepas
 11866 | Lair:1   | Killed a catoblepas
 11867 | Lair:1   | Reached skill level 10 in Invocations
 12144 | Lair:1   | Noticed a catoblepas
 12192 | Lair:1   | HP: 5/110 [catoblepas (19)]
 12193 | Lair:1   | Killed a catoblepas
 12662 | Lair:1   | Reached skill level 15 in Axes
 12707 | Lair:1   | Noticed a boulder beetle
 12720 | Lair:1   | Killed a boulder beetle
 12721 | Lair:1   | Noticed a boulder beetle
 12738 | Lair:1   | Killed a boulder beetle
 12739 | Lair:1   | Reached skill level 10 in Armour
 13791 | Lair:2   | Noticed a seven-headed hydra
 13794 | Lair:2   | Killed a seven-headed hydra
 13795 | Lair:2   | Reached XP level 13. HP: 118/118 MP: 14/21
 13979 | Lair:2   | Noticed Gastronok
 13990 | Lair:2   | Killed Gastronok
 14233 | Lair:2   | Reached skill level 16 in Axes
 14584 | Lair:2   | Found a hole to the Spider Nest.
 14901 | Lair:3   | Found a staircase to the Swamp.
 14905 | Lair:3   | Found a runed translucent gate.
 14909 | Lair:3   | Found a runed translucent gate.
 14909 | Lair:3   | Noticed a great orb of eyes
 14910 | Lair:3   | Found a runed translucent gate.
 14913 | Lair:3   | Found a viscous altar of Jiyva.
 14913 | Lair:3   | Noticed Uleac's ghost (journeyman DsNe)
 15152 | Lair:3   | Gained Blodwig as an ally
 15776 | Lair:4   | Noticed Kirke
 15785 | Lair:4   | Killed Kirke
 16620 | Lair:4   | Found a staircase to the Slime Pits.
 16998 | Lair:5   | Entered Level 5 of the Lair of Beasts
 17120 | Lair:5   | Reached skill level 1 in Evocations
 17121 | Lair:5   | Reached skill level 1 in Throwing
 17127 | Lair:5   | Reached ***** piety under Beogh
 17670 | Lair:5   | Reached XP level 14. HP: 118/130 MP: 24/24
 19508 | Lair:5   | Your ally Blodwig died
 19941 | Lair:5   | Found a corrupted altar of Lugonu.
 19941 | Lair:5   | Found a one-way gate to the infinite horrors of the Abyss.
 21050 | D:12     | Gained Orgrim as an ally
 22963 | Orc:1    | Entered Level 1 of the Orcish Mines
 22963 | Orc:1    | Found a roughly hewn altar of Beogh.
 23006 | Orc:2    | Entered Level 2 of the Orcish Mines
 23106 | Orc:2    | Found a staircase to the Elven Halls.
 23548 | Orc:2    | Gained Dorog as an ally
 23619 | Orc:2    | Found a roughly hewn altar of Beogh.
 23633 | Orc:2    | Found Xivov's Armour Shop.
 23658 | Orc:2    | Bought a +1 pair of boots of rampaging for 264 gold pieces
 23709 | Orc:2    | Found a roughly hewn altar of Beogh.
 24786 | Orc:2    | Noticed Saint Roka
 24792 | Orc:2    | Your ally Dorog died
 24797 | Orc:2    | HP: 6/125 [ice devil[an orc high priest] (6)]
 24798 | Orc:2    | Succumbed to barbed spike wounds

Illustrated notes

Levels and vault maps discovered:
D:1:      minmay_arrival_stone_box, layout_loops_cross,
          ebering_ecumenical_altar_mist
D:2:      layout_loops_ring, basic_altar
D:3:      layout_loops_ring, minmay_misc_feat_secret_circle, minmay_circle_x
D:4:      layout_cave_pools, nicolae_sif_muna_condensation,
          minmay_snake_closets, uniq_menkaure, uniq_blork_the_orc
D:5:      layout_basic, gammafunk_temple_overflow_elements, serial_shops, shop,
          nicolae_ossuary_entry_ruins, nicolae_titane
D:6:      layout_cave_pools
D:7:      layout_basic, overflow_temple_1_default,
          minmay_temple_entry_mini_moons, serial_shops,
          nicolae_shop_gaudy_bauble, uniq_duvessa
D:8:      layout_loops_ring, vehumet_statue, serial_bayou_lake_a, uniq_maurice,
          uniq_grum
D:9:      layout_irregular_city, kennysheep_okawaru_gauntlet,
          kennysheep_generic_room_15
D:10:     lemuel_bear_cage, layout_basic, orc_0_dummy, st_stairs_11
D:11:     layout_cave_pods, minmay_lair_entry_grove, palyth_stone_intersect
D:12:     layout_stronghold, minmay_protected_statue
Lair:1:   regret_index_malice_mire, layout_regular_city, uniq_fannar
Lair:2:   layout_chaotic_city, spider_nest_entry_funnel_web, uniq_gastronok
Lair:3:   layout_hall_layers, swamp_mist_pool, gammafunk_ghost_ooze,
          wad_woods_river_02, worms_lemuel
Lair:4:   layout_loops_ring, slime_entry_2, serial_bayou_pond_e,
          serial_bayou_shore_a, grunt_megastairs_4, uniq_kirke
Lair:5:   hellmonk_lair_end_abyssal_woods, layout_loops_ring
Orc:1:    layout_diamond_mine, basic_altar
Orc:2:    grunt_orc_community_town_hall, layout_caves,
          grunt_orc_community_big_house_2, grunt_orc_community_big_house_2,
          grunt_orc_community_house_3, grunt_orc_community_house_3,
          grunt_orc_community_house_3, grunt_orc_community_house_2,
          grunt_orc_community_house_2, nooodl_orcs_dogs

Skill      XL: |  1  2  3  4  5  6  7  8  9 10 11 12 13 14 |
---------------+-------------------------------------------+-----
Axes           | 5 6 7 8 10 11 12 13 14 15 16 | 16.0
Fighting       | 4 5 6 7 9 10 12 13 14 | 14.8
Armour         | 1 3 4 6 7 8 10 12 13 | 13.1
Invocations    | 4 5 7 9 11 13 14 | 14.9
Shields        | 5 7 8 |  8.0
Evocations     | 2 4 |  4.0
Throwing       | 1 4 |  4.0
Dodging        | |  2.4

Action                     |  1- 3 |  4- 6 |  7- 9 | 10-12 | 13-15 || total
---------------------------+-------+-------+-------+-------+-------++-------
  Melee: Hand axe          |    90 |   130 |       |       |       ||   220
         War axe           |       |    25 |   320 |       |       ||   345
         Whip              |       |       |    37 |   526 |   738 ||  1301
         Broad axe         |       |       |       |       |    27 ||    27
  Throw: Dart              |       |       |     2 |     9 |     1 ||    12
         Boomerang         |       |       |       |     5 |       ||     5
 Invoke: Convert to Beogh  |       |       |     1 |       |       ||     1
         Smiting           |       |       |     3 |    23 |    12 ||    38
         Recall Orcish Fol |       |       |       |     1 |     6 ||     7
         Give Item to Name |       |       |       |       |     1 ||     1
  Evoke: Wand              |       |       |     3 |     3 |       ||     6
         Condenser vane    |       |       |       |       |     1 ||     1
    Use: Potion            |       |     4 |     2 |       |     5 ||    11
         Scroll            |       |       |     7 |     7 |    16 ||    30
   Stab: Distracted        |       |       |       |     2 |     9 ||    11
         Petrified         |       |       |       |     6 |       ||     6
         Confused          |       |       |       |     1 |       ||     1
         Paralysed         |       |       |       |       |    15 ||    15
 Armour: Robe              |     9 |       |       |       |       ||     9
         Ring mail         |    43 |    27 |       |       |       ||    70
         Chain mail        |       |    73 |   240 |       |       ||   313
         Skin              |       |     1 |       |       |       ||     1
         Plate armour      |       |       |    63 |   418 |   662 ||  1143
  Dodge: Dodged            |    45 |    68 |   121 |   116 |   202 ||   552
  Block: Kite shield       |       |       |    68 |   309 |   449 ||   826

Table legend: (Time is in decaauts)
 A = Elapsed time spent in this place.
 B = Non-inter-level travel time spent in this place.
 C = Inter-level travel time spent in this place.
 D = Time resting spent in this place.
 E = Time spent auto-exploring this place.
 F = Levels seen in this place.
 G = Mean time per level.
                   A        B        C        D        E       F      G
               +--------+--------+--------+--------+--------+-----+--------+
         Total |  24688 |  22823 |   1865 |   4237 |  13479 |  20 | 1234.4 |
       Dungeon |  14145 |  13045 |   1100 |   1572 |   8690 |  12 | 1178.8 |
          Lair |   9003 |   8313 |    690 |   2311 |   4286 |   5 | 1800.6 |
  Orcish Mines |   1213 |   1139 |     74 |    353 |    437 |   2 |  606.5 |
       Ossuary |    324 |    324 |      0 |      0 |     66 |   1 |  324.0 |
               +--------+--------+--------+--------+--------+-----+--------+

Top non-repeatable levels by time:
  Lair:5: 3163 daAuts
    D:12: 2472 daAuts
  Lair:1: 2197 daAuts
    D:11: 1702 daAuts
     D:4: 1479 daAuts
    D:10: 1395 daAuts
  Lair:2: 1353 daAuts
     D:5: 1235 daAuts
  Lair:4: 1205 daAuts
   Orc:2: 1149 daAuts
  Lair:3: 1084 daAuts
     D:7: 1075 daAuts
     D:2: 896 daAuts
     D:9: 888 daAuts
     D:3: 854 daAuts
